 Dungeon Crawl Stone Soup version 0.18.1-48-g4cf74bf (webtiles) character file.

62937 KarvaRausku the Severer (level 15, -6/129 HPs)
             Began as a Hill Orc Fighter on Aug 15, 2016.
             Was the Champion of Beogh.
             Killed by divine providence
             ... invoked by a smoke demon
              (9 damage)
             ... on level 3 of the Abyss.
             The game lasted 01:48:51 (17017 turns).

KarvaRausku the Severer (Hill Orc Fighter)         Turns: 17017, Time: 01:48:51

Health: -6/129     AC: 35    Str: 32 (33) XL:     15   Next: 8%
Magic:  20/20      EV: 10    Int:  8 (9)  God:    Beogh [******]
Gold:   1633       SH:  9    Dex: 10      Spells: 0 memorised, 14 levels left

rFire  x . .     SeeInvis +     a - +6 war axe "Wisofan" {pain, +Rage MR++ Int+2}
rCold  + + .     Gourm    .     s - +5 ice dragon armour
rNeg   . . .     Faith    .     P - +2 buckler of Duck's Teeth {-Cast Str+10 Int-5 Slay+5}
rPois  .         Spirit   .     B - +2 helmet {Int+3}
rElec  .         Dismiss  .     r - +2 cloak {+Inv}
rCorr  .         Reflect  .     u - +1 pair of gloves
SustAt .         Harm     .     n - +1 pair of boots {run}
MR     +++..     NoCast   +     K - amulet of regeneration
Stlth  ..........               h - +1 ring of slaying
                                Y - ring of see invisible

@: quick, extremely resistant to hostile enchantments, extremely unstealthy
A: walk on water, blurry vision 2, deterioration 2, frail 1, weak 1
a: Smiting, Recall Orcish Followers, Give Item to Named Follower, Resurrection,
Renounce Religion, Evoke Berserk Rage, Evoke Invisibility


You were on level 3 of the Abyss.
You worshipped Beogh.
Beogh was exalted by your worship.
You were not hungry.

You visited 4 branches of the dungeon, and saw 22 of its levels.
You visited the Abyss 1 time.
You also visited: Volcano.

You collected 2228 gold pieces.
You spent 595 gold pieces at shops.

Inventory:

Hand Weapons
 a - the +6 war axe "Wisofan" (weapon) {pain, +Rage MR++ Int+2}
   (You found it on level 4 of the Dungeon)

   In the hands of one skilled in necromantic magic, it inflicts extra damage on
   living creatures.
   It affects your intelligence (+2).
   It affects your resistance to hostile enchantments.
   It lets you go berserk.
 b - a +1 hunting sling of flaming
 C - a +1 broad axe of venom
 U - a +0 quarterstaff of flaming
Missiles
 y - 2 silver javelins (quivered)
Armour
 n - a +1 pair of boots of running (worn)
 r - a +2 cloak of invisibility (worn)
 s - a +5 ice dragon armour (worn)
 u - a +1 pair of gloves (worn)
 B - a +2 helmet of intelligence (worn)
 J - the +4 scale mail of Liberty {rElec Str+4 SInv}
   (You bought it in a shop on level 2 of the Orcish Mines)

   It affects your strength (+4).
   It insulates you from electricity.
   It lets you see invisible.
 P - the +2 buckler of Duck's Teeth (worn) {-Cast Str+10 Int-5 Slay+5}
   (You found it on level 7 of the Dungeon)

   It affects your strength (+10).
   It affects your intelligence (-5).
   It affects your accuracy and damage with ranged weapons and melee attacks
   (+5).
   It prevents spellcasting.
Rods
 l - a +0 rod of inaccuracy (11/11)
   (You found it on level 6 of the Lair of Beasts)
Jewellery
 h - a +1 ring of slaying (right hand)
 K - an amulet of regeneration (around neck)
 Y - a ring of see invisible (left hand)
Wands
 o - a wand of disintegration (11/24)
 p - a wand of flame (26/48)
 q - a wand of polymorph (19/24)
 x - a wand of confusion (14/48)
 L - a wand of lightning (4/15)
 Q - a wand of teleportation (4/9)
 R - a wand of iceblast (12/15)
 V - a wand of slowing (29/48)
Scrolls
 g - a scroll of magic mapping
 k - 6 scrolls of teleportation
 m - 8 scrolls of remove curse
 t - a scroll of recharging
 w - 2 scrolls of enchant weapon
 F - a scroll of holy word
 N - 2 scrolls of blinking
 O - 6 scrolls of identify
 S - a scroll of random uselessness {unknown}
 X - 5 scrolls of fear
Potions
 c - 3 potions of brilliance
 d - 4 potions of might
 e - 3 potions of resistance
 i - 3 potions of heal wounds
 j - 6 potions of flight
 z - a potion of agility {unknown}
 A - a potion of cure mutation
 D - 2 potions of berserk rage
 E - 3 potions of lignification
 G - 3 potions of haste
 H - a potion of invisibility
 I - a potion of cancellation
 M - 6 potions of curing
Comestibles
 f - 11 bread rations
 v - 9 meat rations
 T - 6 beef jerkies


   Skills:
 + Level 16.2 Fighting
 + Level 17.4 Axes
 + Level 14.0 Armour
 - Level 1.0 Dodging
 - Level 11.3 Shields
 - Level 7.2 Invocations


You had 14 spell levels left.
You didn't know any spells.

Dungeon Overview and Level Annotations

Branches:
Dungeon (11/15)            Temple (0/1) D:6            Lair (8/8) D:8
  Swamp (1/4) Lair:5       Spider (0/4) Lair:6        Slime (0/6) Lair:7
    Orc (2/2) D:11            Elf (0/3) Orc:2

Altars:
Ashenzari
Dithmenos
Elyvilon
Gozag
Makhleb
Okawaru
Qazlal
Zin
The Shining One
Beogh

Shops:
D:3 *   D:4 *[   D:8 %   D:10 *   D:11 (   Orc:2 *[([

Portals:
Hell: Lair:8


Innate Abilities, Weirdness & Mutations

You can walk on water.
[Scrolls take you longer to read.]
[Your body often deteriorates upon taking damage.]
[You are frail (-10% HP).]
[You are weak. (Str -2)]


Message History

Space warps horribly around you!
* * * LOW HITPOINT WARNING * * *
You block the spatial maelstrom's attack.
The spatial vortex moves out of view.
The ancient zyme hits you but does no damage. x2
The raiju bursts into living lightning!
The living lightning misses you. The living lightning hits you!
* * * LOW HITPOINT WARNING * * *
The living lightning hits the spatial maelstrom.
The spatial maelstrom resists.
The raiju blinks! x3
You begin reading the scroll.
You continue reading the scroll.
The raiju barks!
You block the raiju's attack.
The ancient zyme hits you but does no damage.
The ancient zyme hits you.
* * * LOW HITPOINT WARNING * * *
You block the raiju's attack. The smoke demon gestures at you.
Something smites you!
You die...

. .. ### ...
#.. ..##.##
....#
##x######...
###@.v...3..#
#h.hvh#.#### #
#..###.v# #.#
#.##v.#.#.#..#
# #.....##
##.§v#
#...#####.##.##
# #...##
#.#.#.# # # .
#.##.## ## ## #


You could see a spatial maelstrom, 2 spatial vortices, an ancient zyme, a smoke
demon, 2 raiju and a raiju shaped shifter.

Vanquished Creatures
  A bone dragon (Abyss:3)
  Gastronok (Lair:3)
  An orc warlord (Orc:2)
  A deep elf elementalist (Abyss:3)
  2 dire elephants (Lair:8)
  4 hydras
  A hell beast (Lair:8)
  An orc high priest (Orc:2)
  A deep elf knight (Volcano)
  4 slime creatures (Swamp:1)
  A wretched star (Abyss:3)
  The ghost of 2tc the Transmogrifier, a journeyman FeTm of Ashenzari (D:11)
  A hill giant (D:10)
  Pikel (D:7)
  A wizard (Lair:8)
  3 griffons
  A hornet (Lair:5)
  3 deep elf magi (Volcano)
  5 elephants
  Maurice (D:8)
  Joseph (D:8)
  A black mamba (Lair:3)
  9 spiny frogs
  Psyche (D:8)
  An orange demon (Lair:8)
  7 komodo dragons
  6 rime drakes
  2 hellwings
  5 ice devils (Lair:8)
  2 ancient zymes (Abyss:3)
  A red devil (Lair:8)
  A two-headed ogre (D:9)
  A giant leech (Swamp:1)
  A troll (D:9)
  6 blink frogs
  A bog body (Swamp:1)
  A boulder beetle (Lair:8)
  Grinder (D:4)
  32 yaks
  2 spriggans
  2 wyverns
  9 hippogriffs
  A hungry ghost (D:11)
  A neqoxec (Abyss:3)
  A steam dragon (D:10)
  2 swamp worms (Swamp:1)
  4 vampire mosquitoes (Swamp:1)
  2 insubstantial wisps (Swamp:1)
  A warg (Orc:2)
  2 hell hounds (Lair:8)
  15 water moccasins
  Duvessa (D:3)
  7 porcupines
  10 orc warriors
  2 ice beasts
  3 sky beasts
  A phantom (D:11)
  4 slaves (D:7)
  7 wasps
  7 ogres
  5 centaurs
  12 crocodiles
  9 wolves
  A big kobold (D:11)
  7 giant frogs
  A wyvern skeleton (D:11)
  A small abomination (Abyss:3)
  2 troll zombies (D:11)
  12 killer bees
  Dowan (D:4)
  4 scorpions
  10 wights
  A howler monkey (D:10)
  2 electric eels
  3 crimson imps
  A giant frog zombie (D:7)
  3 lava snakes (Volcano)
  A quasit (Abyss:3)
  5 starcursed masses (Abyss:3)
  4 hounds
  8 jellies
  A gnoll shaman (D:8)
  8 orc priests
  Crazy Yiuf (D:2)
  A giant frog skeleton (D:11)
  4 iguanas
  6 orc wizards
  8 worker ants
  41 sheep
  2 ogre zombies (D:11)
  A hound skeleton (D:7)
  2 howler monkey zombies (D:6)
  A worker ant zombie (D:11)
  4 gnolls
  3 howler monkey skeletons
  80 river rats
  10 adders
  3 shadow imps
  An ufetubus (Abyss:3)
  3 oozes
  2 adder skeletons
  An adder zombie (D:5)
  8 worms
  2 dart slugs
  3 giant geckos
  28 orcs
  A ball python (D:5)
  11 giant cockroaches
  4 goblins
  9 hobgoblins
  2 jackals (D:7)
  6 kobolds
  5 quokkas
  9 bats
  A giant gecko zombie (D:6)
  7 giant newts
  2 goblin zombies (D:11)
  A hobgoblin skeleton (D:11)
  3 hobgoblin zombies (D:11)
  2 orc skeletons (D:11)
  6 orc zombies (D:11)
  10 rats
  4 briar patches (Swamp:1)
  8 fungi
  7 plants
614 creatures vanquished.

Vanquished Creatures (collateral kills)
  A thorn hunter (Swamp:1)
  3 hydras
  A griffon (Lair:8)
  An orc sorcerer (Orc:2)
  6 elephants
  A cyclops (Orc:2)
  A black mamba (Lair:5)
  3 spiny frogs
  A polar bear (Lair:4)
  A giant leech (Swamp:1)
  9 blink frogs
  3 spriggans (Swamp:1)
  9 yaks
  3 basilisks
  A vampire mosquito (Swamp:1)
  2 hippogriffs
  A warg (Orc:1)
  2 insubstantial wisps (Swamp:1)
  A hell hound (Lair:8)
  A water moccasin (Lair:8)
  2 porcupines (Lair:6)
  2 orc warriors
  2 wasps
  An ice beast (D:11)
  A phantom (D:11)
  A necrophage (D:11)
  A centaur (D:10)
  3 crocodiles
  2 giant frogs
  A scorpion (Lair:6)
  A troll zombie (D:11)
  An electric eel (Lair:7)
  2 jellies (Lair:7)
  An orc priest (D:11)
  2 iguanas
  4 orc wizards
  2 worker ants (Lair:6)
  11 sheep
  A killer bee zombie (D:10)
  3 ogre zombies (D:11)
  19 river rats
  2 worms (Lair:6)
  9 orcs
  A giant cockroach (Lair:6)
  A goblin skeleton (D:11)
  3 goblin zombies (D:11)
  2 kobolds (D:11)
  An orc skeleton (D:11)
  6 orc zombies (D:11)
  A briar patch (Swamp:1)
  8 fungi
  5 plants
153 creatures vanquished.

Vanquished Creatures (others)
  An orc high priest (Lair:5)
  4 orc warriors
  6 orc priests
  An orc wizard (D:11)
  21 orcs
  A briar patch (Swamp:1)
  4 fungi
  A plant (Lair:4)
  2 starspawn tentacles (Abyss:3)
  70 starspawn tentacle segments (Abyss:3)
  12 toadstools (Swamp:1)
123 creatures vanquished.

Grand Total: 890 creatures vanquished

Notes
Turn   | Place    | Note
--------------------------------------------------------------
     0 | D:1      | KarvaRausku the Hill Orc Fighter began the quest for the Orb.
     0 | D:1      | Reached XP level 1. HP: 19/19 MP: 1/1
   103 | D:1      | Reached skill level 3 in Axes
   132 | D:1      | Reached XP level 2. HP: 27/27 MP: 2/2
   731 | D:2      | Reached XP level 3. HP: 34/34 MP: 3/3
   774 | D:2      | Noticed Crazy Yiuf
   779 | D:2      | Killed Crazy Yiuf
   779 | D:2      | Reached skill level 4 in Axes
   888 | D:2      | Reached XP level 4. HP: 38/41 MP: 4/4
   897 | D:2      | Reached skill level 5 in Fighting
  1014 | D:2      | Found an iron altar of Okawaru.
  1481 | D:3      | Found Gozag's Platinum Reserve.
  1481 | D:3      | Found an opulent altar of Gozag.
  1680 | D:3      | Reached XP level 5. HP: 47/48 MP: 5/5
  2026 | D:4      | Reached skill level 5 in Axes
  2044 | D:4      | Noticed Duvessa
  2046 | D:4      | Noticed Dowan
  2133 | D:4      | Found Ellae's Assorted Antiques.
  2179 | D:4      | Killed Dowan
  2189 | D:5      | Entered Level 5 of the Dungeon
  2189 | D:5      | Found a glowing drain.
  2419 | D:3      | Reached XP level 6. HP: 57/57 MP: 6/6
  2436 | D:3      | Killed Duvessa
  2436 | D:3      | Reached skill level 6 in Axes
  2525 | D:4      | Noticed Grinder
  2533 | D:4      | Paralysed by Grinder for 4 turns
  2542 | D:4      | Killed Grinder
  2542 | D:4      | Reached skill level 7 in Axes
  2542 | D:4      | Reached XP level 7. HP: 43/66 MP: 7/7
  2628 | D:4      | Found Educofal's Antique Armour Shoppe.
  2632 | D:4      | Bought a runed helmet for 112 gold pieces
  2753 | D:4      | Got a steaming war axe
  2754 | D:4      | Identified the +6 war axe "Wisofan" {pain, +Rage MR++ Int+2} (You found it on level 4 of the Dungeon)
  2943 | D:5      | Reached skill level 8 in Axes
  3102 | D:5      | Reached XP level 8. HP: 75/75 MP: 8/8
  3106 | D:5      | Found a shadowy altar of Dithmenos.
  3193 | D:5      | Found a glowing silver altar of Zin.
  3193 | D:5      | Found a glowing golden altar of the Shining One.
  3193 | D:5      | Found a white marble altar of Elyvilon.
  3708 | D:6      | Became a worshipper of Beogh the Brigand
  3970 | D:6      | Found a staircase to the Ecumenical Temple.
  4242 | D:7      | Reached skill level 9 in Axes
  4328 | D:7      | Reached * piety under Beogh
  4409 | D:7      | Noticed Pikel
  4427 | D:7      | Killed Pikel
  4427 | D:7      | Reached skill level 5 in Armour
  4427 | D:7      | Reached skill level 5 in Shields
  4427 | D:7      | Reached XP level 9. HP: 46/85 MP: 9/9
  4669 | D:7      | Reached skill level 10 in Axes
  4746 | D:7      | Got a brightly glowing buckler
  4757 | D:7      | Identified the +2 buckler of Duck's Teeth {-Cast Str+10 Int-5 Slay+5} (You found it on level 7 of the Dungeon)
  4882 | D:7      | Reached skill level 10 in Fighting
  5151 | D:7      | Found a stormy altar of Qazlal.
  5560 | D:8      | Found Ucruumow's Food Shop.
  5583 | D:8      | Reached ** piety under Beogh
  5594 | D:8      | Found a shattered altar of Ashenzari.
  5602 | D:8      | Reached XP level 10. HP: 79/94 MP: 10/10
  5640 | D:8      | Reached skill level 1 in Invocations
  5671 | D:8      | Noticed Maurice
  5682 | D:8      | Killed Maurice
  5682 | D:8      | Reached skill level 11 in Axes
  5682 | D:8      | Reached skill level 1 in Dodging
  5699 | D:8      | Noticed Psyche
  5706 | D:8      | Killed Psyche
  5817 | D:8      | Noticed Joseph
  5825 | D:8      | Killed Joseph
  6113 | D:8      | Found a staircase to the Lair.
  6213 | D:9      | Reached *** piety under Beogh
  6272 | D:9      | Reached XP level 11. HP: 84/102 MP: 14/14
  6284 | D:9      | Reached skill level 5 in Invocations
  6615 | D:9      | Reached skill level 12 in Axes
  6795 | D:10     | Entered Level 10 of the Dungeon
  6806 | D:10     | Found Tunny's General Store.
  6806 | D:10     | Noticed a hill giant
  6815 | D:10     | Killed a hill giant
  7295 | D:11     | Noticed a seven-headed hydra
  7301 | D:11     | Killed a seven-headed hydra
  7391 | D:11     | Noticed 2tc's ghost (journeyman FeTm)
  7399 | D:11     | Killed 2tc's ghost
  7399 | D:11     | Reached **** piety under Beogh
  7474 | D:11     | Found a staircase to the Orcish Mines.
  7496 | D:11     | Gained Oreg as an ally
  7505 | D:11     | Reached ***** piety under Beogh
  7581 | D:11     | Gained Ognian as an ally
  7771 | D:11     | Found Vihyf's Antique Weapon Shoppe.
  8030 | Lair:1   | Entered Level 1 of the Lair of Beasts
  8527 | Lair:1   | Noticed a six-headed hydra
  8540 | Lair:1   | Killed a ten-headed hydra
  8780 | Lair:1   | Got a steaming whip
  8853 | Lair:2   | Reached XP level 12. HP: 112/112 MP: 14/17
  8875 | Lair:2   | Reached skill level 13 in Axes
  8911 | Lair:2   | Identified the +5 whip "Testudine's Death Toll" {holy, Int+3} (You found it on level 1 of the Lair of Beasts)
  9639 | Lair:3   | Gained Borgk as an ally
  9642 | Lair:3   | Reached skill level 10 in Armour
  9649 | Lair:3   | Noticed Gastronok
  9661 | Lair:3   | Killed Gastronok
  9664 | Lair:3   | Reached ****** piety under Beogh
  9668 | Lair:3   | Got a bone quarterstaff
  9854 | Lair:3   | Reached skill level 10 in Shields
 10515 | Lair:4   | Reached skill level 14 in Axes
 10640 | Lair:4   | Noticed a five-headed hydra
 10653 | Lair:4   | Killed a 13-headed hydra
 10730 | Lair:4   | Reached XP level 13. HP: 97/122 MP: 18/18
 11124 | Lair:5   | Gained Ortolf as an ally
 11385 | Lair:5   | Your ally Ortolf died
 11422 | Lair:5   | Found a staircase to the Swamp.
 11425 | Lair:5   | Found a dark tunnel.
 11437 | Volcano  | Entered a volcano
 11586 | Volcano  | Found a radiant altar of Vehumet.
 12089 | Lair:6   | Found a hole to the Spider Nest.
 12216 | Lair:6   | Reached skill level 15 in Axes
 12854 | Lair:7   | Found a staircase to the Slime Pits.
 13297 | Lair:8   | Entered Level 8 of the Lair of Beasts
 13310 | Lair:8   | Gained Bogdar as an ally
 13572 | Lair:8   | Reached XP level 14. HP: 133/133 MP: 19/19
 13861 | Lair:8   | Noticed a dire elephant
 13871 | Lair:8   | Killed a dire elephant
 13871 | Lair:8   | Reached skill level 15 in Fighting
 13871 | Lair:8   | Reached skill level 16 in Axes
 13901 | Lair:8   | Noticed a dire elephant
 13917 | Lair:8   | Killed a dire elephant
 14042 | Lair:8   | Found a burning altar of Makhleb.
 14083 | Lair:8   | Found a gateway to Hell.
 14186 | Lair:8   | Gained Hawl as an ally
 14649 | Orc:1    | Entered Level 1 of the Orcish Mines
 14754 | Orc:1    | Found a roughly hewn altar of Beogh.
 14848 | Orc:2    | Entered Level 2 of the Orcish Mines
 14866 | Orc:2    | Found a staircase to the Elven Halls.
 14946 | Orc:2    | Found a roughly hewn altar of Beogh.
 14985 | Orc:2    | Found a roughly hewn altar of Beogh.
 15131 | Orc:2    | Found a roughly hewn altar of Beogh.
 15138 | Orc:2    | Found Fiol's General Store.
 15146 | Orc:2    | Bought 2 scrolls of identify for 60 gold pieces
 15363 | Orc:2    | Found a roughly hewn altar of Beogh.
 15483 | Orc:2    | Found a roughly hewn altar of Beogh.
 15491 | Orc:2    | Found Egrausk's Antique Armour Shop.
 15499 | Orc:2    | Bought a pair of embroidered boots for 135 gold pieces
 15509 | Orc:2    | Identified a +1 pair of boots of running (You bought it in a shop on level 2 of the Orcish Mines)
 15632 | Orc:2    | Gained Brandogh as an ally
 15703 | Orc:2    | Noticed an orc warlord
 15704 | Orc:2    | Found Utzeik Hamu's Antique Armour Shoppe.
 15705 | Orc:2    | Found a roughly hewn altar of Beogh.
 15715 | Orc:2    | Killed an orc warlord
 15720 | Orc:2    | Found Woisoomp's Antique Weapon Emporium.
 15721 | Orc:2    | Gained Brunolf as an ally
 15746 | Orc:2    | Bought a jewelled scale mail for 288 gold pieces
 15756 | Orc:2    | Identified the +4 scale mail of Liberty {rElec Str+4 SInv} (You bought it in a shop on level 2 of the Orcish Mines)
 16044 | Swamp:1  | Entered Level 1 of the Swamp
 16357 | Swamp:1  | Noticed a thorn hunter
 16373 | Swamp:1  | Killed a thorn hunter
 16395 | Swamp:1  | Reached skill level 17 in Axes
 16464 | Swamp:1  | Cast into level 3 of the Abyss (spriggan rider)
 16596 | Abyss:3  | Noticed a tentacled starspawn
 16605 | Abyss:3  | Noticed a starcursed mass
 16649 | Abyss:3  | Noticed a deep elf elementalist
 16657 | Abyss:3  | Killed a deep elf elementalist
 16679 | Abyss:3  | Noticed a bone dragon
 16732 | Abyss:3  | Killed a bone dragon
 16732 | Abyss:3  | Reached XP level 15. HP: 35/115 MP: 18/20
 16841 | Abyss:3  | Noticed a lich
 17017 | Abyss:3  | HP: 3/129 [ancient zyme (6)]
 17017 | Abyss:3  | Killed from afar by a smoke demon

Skill      XL: |  1  2  3  4  5  6  7  8  9 10 11 12 13 14 15 |
---------------+----------------------------------------------+-----
Axes           | 3 4 5 7 8 9 10 11 12 14 15 17 | 17.4
Fighting       | 4 5 6 7 8 9 10 11 12 13 14 16 | 16.2
Armour         | 5 6 7 9 10 12 13 14 | 14.0
Shields        | 5 6 7 9 10 11 | 11.3
Invocations    | 4 7 |  7.2
Dodging        | 1 |  1.0

Action                   |  1- 3 |  4- 6 |  7- 9 | 10-12 | 13-15 || total
-------------------------+-------+-------+-------+-------+-------++-------
Melee: War axe           |    97 |   167 |   232 |   551 |   729 ||  1776
       Unarmed           |       |     3 |       |       |       ||     3
Throw: Javelin           |       |     4 |       |       |       ||     4
Invok: Recall Orcish Fol |       |       |       |     1 |     5 ||     6
       Give Item to Name |       |       |       |     1 |     2 ||     3
       Stop Recall       |       |       |       |       |     2 ||     2
 Abil: Evoke Berserk Rag |       |       |       |     2 |     1 ||     3
Evoke: Wand              |       |       |       |     7 |     1 ||     8
  Use: Scroll            |       |     6 |     5 |    22 |     5 ||    38
       Potion            |       |     1 |       |     1 |     1 ||     3
 Stab: Distracted        |       |       |       |     3 |     4 ||     7
       Confused          |       |       |       |       |     1 ||     1
  Eat: Chunk             |       |     6 |    10 |     6 |     6 ||    28
       Fruit             |       |       |       |    12 |     2 ||    14
       Pizza             |       |       |       |     2 |       ||     2
       Meat ration       |       |       |       |       |     1 ||     1
       Bread ration      |       |       |       |       |     2 ||     2
       Beef jerky        |       |       |       |       |     1 ||     1
Armor: Scale mail        |    44 |       |       |       |       ||    44
       Ice dragon armour |     2 |    85 |    98 |   246 |   375 ||   806
       Skin              |       |    28 |       |       |       ||    28
Dodge: Dodged            |    22 |    54 |    69 |   174 |   217 ||   536
Block: Shield            |    52 |    79 |    82 |       |       ||   213
       Buckler           |       |       |    16 |   158 |   271 ||   445
